 Dungeon Crawl Stone Soup version 0.31.0-2-g5a2aebc5c2 (webtiles) character file.

Game seed: 7597757547325281629

38 Laraso the Cudgeller (level 3, 0/29 HPs)
             Began as a Demonspawn Fighter on Jan 20, 2024.
             Succumbed to an adder's poison
             ... on level 2 of the Dungeon.
             The game lasted 00:01:43 (859 turns).

Laraso the Cudgeller (Demonspawn Fighter)            Turns: 859, Time: 00:01:44

Health: 0/29       AC:  6    Str: 16    XL:     3   Next: 25%
Magic:  3/3        EV:  8    Int:  8    God:
Gold:   101        SH:  5    Dex: 20    Spells: 2/2 levels left

rFire   . . .        a - +0 flail
rCold   . . .        c - +0 buckler
rNeg    + . .        b - +0 scale mail
rPois   .            (helmet restricted)
rElec   .            (no cloak)
rCorr   .            (no gloves)
SInv    .            (no boots)
Will    +....        g - amulet of faith Stlth
                     m - +6 ring of dexterity
HPRegen 0.24/turn    h - ring of positive energy
MPRegen 0.08/turn

%: faith
@: lethally poisoned (0 -> -4), attractive, enlightened, flying, hasted, very
quick
A: horns 2
a: no special abilities


You were on level 2 of the Dungeon.
You visited 1 branch of the dungeon, and saw 2 of its levels.

You collected 101 gold pieces.

Inventory:

Hand Weapons
 a - a +0 flail (weapon)
Armour
 b - a +0 scale mail (worn)
 c - a +0 buckler (worn)
Jewellery
 g - an amulet of faith (around neck)
 h - a ring of positive energy (right hand)
 m - a +6 ring of dexterity (left hand)
Scrolls
 f - a scroll of identify {unknown}
 i - 2 scrolls of revelation {unknown}
 k - a scroll of teleportation {unknown}
Potions
 d - a potion of might


   Skills:
 - Level 3.0 Fighting
 * Level 3.4 Maces & Flails
 - Level 2.6 Armour
 - Level 2.6 Shields


You had 2 spell levels left.
You didn't know any spells.
Your spell library was empty.

Dungeon Overview and Level Annotations

Branches:
Dungeon (2/15)

Altars:


Innate Abilities, Weirdness & Mutations

You have a pair of horns on your head.


Message History

You miss the adder.
You feel sick.
You are no longer poisoned.
The adder bites you but does no damage. The adder bites you.
You hit the adder but do no damage. The adder bites you.
You are poisoned.
The adder poisons you! The adder bites you but does no damage.
You hit the adder.
The adder is moderately wounded.
You feel very sick. The adder bites you but does no damage.
You hit the adder.
The adder is almost dead.
You feel sick. The adder bites you. x2
You are lethally poisoned!
The adder poisons you!
You are too injured to fight recklessly!
You are too injured to fight recklessly!
It was a potion of attraction.
You feel attractive to monsters.
* * * LOW HITPOINT WARNING * * *
You feel very sick. You block the adder's attack.
It was a potion of haste.
You feel yourself speed up.
* * * LOW HITPOINT WARNING * * *
You feel sick. The adder closely misses you.
The adder bites you but does no damage.
It was a potion of enlightenment.
You feel very buoyant.
You fly up into the air.
* * * LOW HITPOINT WARNING * * *
You feel sick. You block the adder's attack.
Okay, then.
You miss the adder.
The adder is almost dead.
* * * LOW HITPOINT WARNING * * *
You feel sick. The adder bites you.
* * * LOW HITPOINT WARNING * * *
You barely miss the adder.
The adder is almost dead.
You die...

.>..... ..... ..... #
... ## ########.# .....#
##........##. #.#.#####
.............# #S...!)..
......######.# #S#
#####.# #.# #@# .###..#
#.###.####### ..#(..#
#.##....?.... 8(#.8.#
#.##..####### ..#...#
#.##.........
.###..######.....#######
#####..#.........#
.........#######.#
......##.# #.#


You could see an adder and a ball python.

Vanquished Creatures
  3 dart slugs (D:1)
  3 ball pythons
  4 bats (D:1)
  7 endoplasms
  A giant cockroach (D:1)
  2 goblins
  3 hobgoblins
  A frilled lizard (D:1)
  2 kobolds
  3 rats
29 creatures vanquished.

Notes
Turn   | Place    | Note
-------+----------+-------------------------------------------
     0 | D:1      | Laraso the Demonspawn Fighter began the quest for the Orb.
     0 | D:1      | Reached XP level 1. HP: 18/18 MP: 1/1
   155 | D:1      | Gained mutation: You have a pair of small horns on your
                  | head. [demonic ancestry]
   155 | D:1      | Reached XP level 2. HP: 15/24 MP: 2/2
   721 | D:2      | Gained mutation: You have a pair of horns on your head.
                  | [demonic ancestry]
   721 | D:2      | Reached XP level 3. HP: 29/29 MP: 3/3
   858 | D:2      | HP: 1/29 [adder (3)]
   859 | D:2      | Succumbed to an adder's poison

Illustrated notes

Levels and vault maps discovered:
D:1:      dpeg_arrival_water_fire, layout_basic
D:2:      layout_loops_ring, chequers_serial_rivers_micro_b, st_stairs_4,
          mrwooster_statue_mirror, minmay_tetromino_l4

Skill      XL: |  1  2 |
---------------+-------+-----
Maces & Flails | 2 3 |  3.4
Fighting       | |  3.0
Armour         | |  2.6
Shields        | |  2.6

Action                     || total
---------------------------++-------
  Melee: Flail             ||    71
         Headbutt          ||     9
    Use: Potion            ||     3
 Armour: Scale mail        ||    42
  Dodge: Dodged            ||    16
  Block: Buckler           ||    19
